 Dungeon Crawl Stone Soup version 0.31-a0-152-g6aa68a64a1 (webtiles) character file.

Game seed: 13194645598432000842

845 qw the Shooter (level 8, -4/72 HPs)
             Began as a Naga Hunter on June 9, 2023.
             Was an Initiate of Okawaru.
             Slain by Edmund
             ... wielding a +2 flail of protection
              (6 damage)
             ... on level 5 of the Dungeon.
             The game lasted 00:01:31 (3812 turns).

qw the Shooter (Naga Hunter)                        Turns: 3812, Time: 00:01:31

Health: -4/72      AC:  8    Str: 14    XL:     8   Next: 0%
Magic:  8/8        EV:  8    Int: 10    God:    Okawaru [......]
Gold:   307        SH:  0    Dex: 16    Spells: 7/7 levels left

rFire   . . .        Y - +1 shortbow
rCold   . . .        (shield currently unavailable)
rNeg    . . .        c - +0 leather armour
rPois   +            (no helmet)
rElec   .            (no cloak)
rCorr   .            (no gloves)
SInv    +            a - +0 barding
Will    +....        (no amulet)
Stlth   ++           (no ring)
HPRegen 0.32/turn    (no ring)
MPRegen 0.11/turn

%: no passive effects
@: very slow
A: AC +2, large, see invisible, deformed body, poison resistance, slowness 2,
spit poison 1, naga tail 1
a: Spit Poison, Renounce Religion


You were on level 5 of the Dungeon.
You worshipped Okawaru.
Okawaru was noncommittal.
You visited 2 branches of the dungeon, and saw 6 of its levels.

You collected 307 gold pieces.


Innate Abilities, Weirdness & Mutations

Your serpentine skin is tough. (AC +2)
You have supernaturally acute eyesight. (SInv)
Armour fits poorly on your strangely shaped body.
Your system is resistant to poisons. (rPois)
You cover ground very slowly.
You can spit poison.
You have a snake-like lower body.


   Skills:
 - Level 4.1 Fighting
 + Level 7.6 Ranged Weapons
 - Level 1.2 Armour
 - Level 2.5 Dodging
 - Level 1.5 Stealth


You had 7 spell levels left.
You didn't know any spells.
Your spell library was empty.

Inventory:

Hand Weapons
 Y - a +1 shortbow (weapon)
Armour
 a - a +0 barding (worn)
 c - a +0 leather armour (worn)
Scrolls
 d - 2 scrolls of identify
Potions
 b - 3 potions of curing
 e - a potion of resistance
 f - a potion of heal wounds {unknown}
 g - a potion of cancellation
 h - a potion of attraction {unknown}
 i - a potion of mutation {unknown}
 j - 2 potions of lignification {unknown}

Dungeon Overview and Level Annotations

Branches:
Dungeon (5/15)             Temple (1/1) D:5

Altars:
Ashenzari
Cheibriados
Kikubaaqudgha
Okawaru
Uskayaw
Vehumet
Wu Jian
Yredelemnul
The Shining One

Shops:
D:1 !   D:4 (:

Annotations:
D:5 Edmund


Message History

The arrow hits Edmund but does no damage.
Edmund is moderately wounded.
You have got your breath back.
Edmund hits you but does no damage.
3804 ||| INVOKING Spit Poison.
Aiming: Spit Poison (1% risk of failure)
Press: ? - help, Shift-Dir - straight line, f/p - Edmund The splash of poison hits Edmund.
Edmund looks even sicker.
Edmund is heavily wounded.
Edmund hits you with a +2 flail of protection.
You shoot an arrow. The arrow barely misses Edmund.
Edmund hits you with a +2 flail of protection.
You shoot an arrow.
The arrow hits Edmund but does no damage.
Edmund is heavily wounded.
You have got your breath back.
Edmund barely misses you.
3807 ||| INVOKING Spit Poison.
Aiming: Spit Poison (1% risk of failure)
Press: ? - help, Shift-Dir - straight line, f/p - Edmund The splash of poison hits Edmund!
Edmund looks even sicker.
Edmund is severely wounded.
Edmund barely misses you.
You shoot an arrow. The arrow barely misses Edmund.
Edmund hits you but does no damage.
You shoot an arrow.
The arrow hits Edmund but does no damage.
Edmund is severely wounded.
Edmund hits you with a +2 flail of protection!
You shoot an arrow. The arrow hits Edmund.
Edmund is severely wounded.
Edmund hits you with a +2 flail of protection.
You shoot an arrow. The arrow hits Edmund!
Edmund is almost dead.
Edmund hits you with a +2 flail of protection.
Edmund hits you with a +2 flail of protection!
You shoot an arrow. The arrow barely misses Edmund.
You have got your breath back.
Edmund hits you with a +2 flail of protection.
You die...

..>........~~~~~~
.##.#.......~~~~~~
............~~~~~~
#.# #.......~~~~~~
#.# #........~~~~~
#)###..........~~~
##...#............~
##.@...######.......
#..@....# ##..####
#.......######.####.
#.......##..........
##.........#########
#.......####
#.......# #.......#
##.....## ##...##


You could see Edmund (very poisoned).

Vanquished Creatures
  Sigmund (D:2)
  A black bear (D:5)
  3 phantoms
  A scorpion (D:4)
  A hound (D:4)
  Ijyb (D:4)
  A sleepcap (D:3)
  Natasha (thrice) (D:2)
  7 adders
  3 gnolls (D:3)
  3 dart slugs
  3 orcs
  3 ball pythons
  7 endoplasms
  2 giant cockroaches (D:4)
  4 goblins
  7 hobgoblins
  5 jackals
  4 kobolds (D:1)
  A quokka (D:3)
  2 bats (D:2)
  6 frilled lizards
  6 rats
  A spectral orc (D:4)
76 creatures vanquished.

Notes
Turn   | Place    | Note
-------+----------+-------------------------------------------
     0 | D:1      | qw the Naga Hunter began the quest for the Orb.
     0 | D:1      | Reached XP level 1. HP: 19/19 MP: 1/1
     0 | D:1      | 0 ||| qw: Version: 0.2-a-122-gbc61b45
     0 | D:1      | 0 ||| qw: Game counter: 3458
     0 | D:1      | 0 ||| qw: Always use a shield: true
     0 | D:1      | 0 ||| qw: God list: Okawaru
     0 | D:1      | 0 ||| qw: Allow faded altars: false
     0 | D:1      | 0 ||| qw: Do Orc after D:15 true
     0 | D:1      | 0 ||| qw: Do second Lair branch before Depths: true
     0 | D:1      | 0 ||| qw: Lair rune preference: random
     0 | D:1      | 0 ||| qw: Plans: Normal
     0 | D:1      | 0 ||| PLANNING D:1-11
   205 | D:1      | Reached skill level 4 in Ranged Weapons
   205 | D:1      | Reached XP level 2. HP: 26/26 MP: 2/2
   245 | D:1      | Found Oclyse's Distillery.
   250 | D:1      | 250 ||| SHOPLISTING potion of cancellation (80 gold, have
                  | 25).
   250 | D:1      | 250 ||| SHOPLISTING potion of curing (30 gold, have 25).
   260 | D:1      | 260 ||| INVOKING Spit Poison.
   267 | D:1      | 267 ||| INVOKING Spit Poison.
   304 | D:1      | 304 ||| INVOKING Spit Poison.
   307 | D:1      | 307 ||| INVOKING Spit Poison.
   313 | D:1      | 313 ||| INVOKING Spit Poison.
   351 | D:1      | 351 ||| INVOKING Spit Poison.
   357 | D:1      | 357 ||| INVOKING Spit Poison.
   411 | D:1      | 411 ||| INVOKING Spit Poison.
   597 | D:1      | 597 ||| INVOKING Spit Poison.
   609 | D:1      | 609 ||| INVOKING Spit Poison.
   612 | D:1      | 612 ||| INVOKING Spit Poison.
   648 | D:1      | 648 ||| READING scroll labelled JYMOIR JUWEUG.
   649 | D:1      | 649 ||| READING scroll labelled FAEDOCKEIHI.
   650 | D:1      | 650 ||| READING scroll labelled EDITA RIOSATS.
   698 | D:1      | 698 ||| DROPPING scroll of butterflies.
   712 | D:2      | 712 ||| INVOKING Spit Poison.
   739 | D:2      | 739 ||| INVOKING Spit Poison.
   743 | D:2      | 743 ||| INVOKING Spit Poison.
   747 | D:2      | 747 ||| INVOKING Spit Poison.
   748 | D:2      | Reached XP level 3. HP: 32/32 MP: 3/3
   748 | D:2      | Noticed Sigmund
   753 | D:2      | 753 ||| INVOKING Spit Poison.
   758 | D:2      | 758 ||| INVOKING Spit Poison.
   759 | D:2      | HP: 8/32 [Sigmund/+4 heavy scythe (17)]
   760 | D:2      | 760 ||| DROPPING amulet of magic regeneration.
   763 | D:2      | 763 ||| FLEEEEING.
   763 | D:2      | Killed Sigmund
   764 | D:2      | Reached skill level 6 in Ranged Weapons
   764 | D:2      | Reached XP level 4. HP: 12/39 MP: 4/4
   764 | D:2      | Reached XP level 5. HP: 14/45 MP: 5/5
   895 | D:2      | 895 ||| INVOKING Spit Poison.
   968 | D:2      | 968 ||| INVOKING Spit Poison.
   987 | D:2      | 987 ||| INVOKING Spit Poison.
   997 | D:2      | 997 ||| INVOKING Spit Poison.
  1000 | D:2      | 1000 ||| INVOKING Spit Poison.
  1003 | D:2      | 1003 ||| INVOKING Spit Poison.
  1007 | D:2      | 1007 ||| INVOKING Spit Poison.
  1015 | D:2      | 1015 ||| INVOKING Spit Poison.
  1032 | D:2      | 1032 ||| INVOKING Spit Poison.
  1159 | D:2      | Noticed Natasha
  1162 | D:2      | 1162 ||| INVOKING Spit Poison.
  1166 | D:2      | Killed Natasha
  1191 | D:2      | Noticed Natasha
  1193 | D:2      | 1193 ||| INVOKING Spit Poison.
  1194 | D:2      | Killed Natasha
  1195 | D:2      | Reached skill level 3 in Fighting
  1195 | D:2      | Reached XP level 6. HP: 53/56 MP: 6/6
  1295 | D:2      | Noticed Natasha
  1298 | D:2      | 1298 ||| INVOKING Spit Poison.
  1301 | D:2      | 1301 ||| INVOKING Spit Poison.
  1302 | D:2      | Killed Natasha
  1307 | D:2      | 1307 ||| INVOKING Spit Poison.
  1344 | D:2      | 1344 ||| INVOKING Spit Poison.
  1351 | D:2      | 1351 ||| INVOKING Spit Poison.
  1595 | D:2      | 1595 ||| UPGRADING to +0 barding.
  1600 | D:2      | 1600 ||| READING scroll labelled HOZING WYGY.
  1601 | D:2      | 1601 ||| READING scroll labelled ROWIAS VUGIO.
  1602 | D:2      | 1602 ||| READING scroll labelled AWKUYD FALUYR.
  1603 | D:2      | 1603 ||| DRINKING 2 sedimented coppery potions.
  1604 | D:2      | 1604 ||| READING 4 scrolls of identify.
  1604 | D:2      | 1604 ||| IDENTIFYING bubbling blue potion
  1605 | D:2      | 1605 ||| READING 3 scrolls of identify.
  1605 | D:2      | 1605 ||| IDENTIFYING black potion
  1606 | D:2      | 1606 ||| READING 2 scrolls of identify.
  1606 | D:2      | 1606 ||| IDENTIFYING glowing puce potion
  1607 | D:2      | 1607 ||| DROPPING potion of magic.
  1608 | D:2      | 1608 ||| DROPPING potion of ambrosia.
  1615 | D:3      | 1615 ||| INVOKING Spit Poison.
  1617 | D:3      | 1617 ||| STAIRDANCE
  1619 | D:2      | 1619 ||| INVOKING Spit Poison.
  2032 | D:3      | 2032 ||| INVOKING Spit Poison.
  2038 | D:3      | 2038 ||| INVOKING Spit Poison.
  2206 | D:3      | Reached skill level 1 in Armour
  2208 | D:3      | 2208 ||| INVOKING Spit Poison.
  2264 | D:3      | 2264 ||| INVOKING Spit Poison.
  2270 | D:3      | 2270 ||| INVOKING Spit Poison.
  2558 | D:3      | 2558 ||| READING scroll labelled LONAONOTYU.
  2563 | D:3      | 2563 ||| READING 2 scrolls of identify.
  2563 | D:3      | 2563 ||| IDENTIFYING fuming purple potion
  2564 | D:3      | 2564 ||| DROPPING potion of enlightenment.
  2609 | D:4      | 2609 ||| INVOKING Spit Poison.
  2612 | D:4      | 2612 ||| INVOKING Spit Poison.
  2618 | D:4      | 2618 ||| INVOKING Spit Poison.
  2658 | D:4      | 2658 ||| INVOKING Spit Poison.
  2674 | D:4      | Noticed Ijyb
  2678 | D:4      | 2678 ||| INVOKING Spit Poison.
  2683 | D:4      | Paralysed by Ijyb for 2 turns
  2685 | D:4      | 2685 ||| INVOKING Spit Poison.
  2686 | D:4      | Killed Ijyb
  2737 | D:4      | 2737 ||| INVOKING Spit Poison.
  2741 | D:4      | 2741 ||| INVOKING Spit Poison.
  2744 | D:4      | 2744 ||| INVOKING Spit Poison.
  2749 | D:4      | 2749 ||| INVOKING Spit Poison.
  2788 | D:4      | 2788 ||| INVOKING Spit Poison.
  2791 | D:4      | 2791 ||| INVOKING Spit Poison.
  2795 | D:4      | 2795 ||| INVOKING Spit Poison.
  2800 | D:4      | Reached XP level 7. HP: 44/64 MP: 7/7
  2969 | D:4      | 2969 ||| INVOKING Spit Poison.
  2975 | D:4      | 2975 ||| INVOKING Spit Poison.
  2989 | D:4      | 2989 ||| INVOKING Spit Poison.
  2992 | D:4      | 2992 ||| INVOKING Spit Poison.
  2996 | D:4      | 2996 ||| INVOKING Spit Poison.
  3091 | D:4      | Found Ibrak's Weapon Shop.
  3159 | D:4      | Found a basalt altar of Yredelemnul.
  3305 | D:4      | 3305 ||| INVOKING Spit Poison.
  3362 | D:4      | Found Xiob's Book Shop.
  3408 | D:4      | 3408 ||| READING scroll labelled XILYSE HOAPIUNOCAO.
  3409 | D:4      | 3409 ||| READING 2 scrolls of identify.
  3409 | D:4      | 3409 ||| IDENTIFYING fuming inky potion
  3429 | D:5      | Entered Level 5 of the Dungeon
  3429 | D:5      | Found a staircase to the Ecumenical Temple.
  3430 | D:5      | 3430 ||| PLANNING TEMPLE
  3430 | D:5      | 3430 ||| STAIRDANCE
  3448 | Temple   | Entered the Ecumenical Temple
  3467 | Temple   | 3467 ||| PLANNING OKAWARU WORSHIP
  3497 | Temple   | Became a worshipper of Warmaster Okawaru
  3497 | Temple   | 3497 ||| PLANNING D:1-11
  3538 | D:5      | 3538 ||| INVOKING Spit Poison.
  3556 | D:5      | Reached skill level 7 in Ranged Weapons
  3556 | D:5      | 3556 ||| INVOKING Spit Poison.
  3561 | D:5      | 3561 ||| INVOKING Spit Poison.
  3718 | D:5      | Reached XP level 8. HP: 54/72 MP: 8/8
  3781 | D:5      | Noticed Edmund
  3784 | D:5      | 3784 ||| INVOKING Spit Poison.
  3791 | D:5      | 3791 ||| INVOKING Spit Poison.
  3794 | D:5      | 3794 ||| INVOKING Spit Poison.
  3799 | D:5      | 3799 ||| INVOKING Spit Poison.
  3804 | D:5      | 3804 ||| INVOKING Spit Poison.
  3807 | D:5      | 3807 ||| INVOKING Spit Poison.
  3809 | D:5      | HP: 16/72 [Edmund/+2 flail of protection (7)]
  3811 | D:5      | HP: 2/72 [Edmund/+2 flail of protection (8)]
  3812 | D:5      | Slain by Edmund

Levels and vault maps discovered:
D:1:      amcnicky_arrival_abandoned_market, layout_loops_ring, serial_shops,
          shop
D:2:      layout_basic, minmay_misc_feat_rows, uniq_sigmund, uniq_natasha
D:3:      layout_loops_ring, kennysheep_big_empty_room, grunt_ministairs_8,
          kennysheep_boxes
D:4:      layout_basic, yredelemnul_forgotten_temple_becter, serial_shops,
          kennysheep_mini, kennysheep_little_box, uniq_ijyb
D:5:      minmay_razor_zed, layout_rooms, nicolae_overflow_hidden_temple,
          temple_pool_b, uniq_duvessa, uniq_edmund, uniq_pikel
Temple:   hellmonk_temple_of_storms

Skill      XL: |  1  2  3  4  5  6  7 |
---------------+----------------------+-----
Ranged Weapons | 4 6 7 |  7.6
Fighting       | 3 4 |  4.1
Armour         | 1 |  1.2
Dodging        | 2 |  2.5
Stealth        | |  1.5

Action                     |  1- 3 |  4- 6 |  7- 9 || total
---------------------------+-------+-------+-------++-------
   Fire: Shortbow          |    39 |   117 |   114 ||   270
Ability: Spit Poison       |    17 |    36 |    15 ||    68
    Use: Scroll            |     3 |     8 |     2 ||    13
         Potion            |       |     1 |       ||     1
 Armour: Leather armour    |     4 |    25 |    41 ||    70
  Dodge: Dodged            |     6 |    26 |    27 ||    59

Table legend:
 A = Non-vault XP
 B = Vault XP
 C = Vault XP percentage of total XP
 D = Non-vault monster count
 E = Vault monster count
 F = Vault count percentage of total count
                 A         B        C        D         E       F
            +---------+---------+-------+---------+---------+-------
      Total |     918 |     290 |  24.0 |      70 |       6 |   7.9
            +---------+---------+-------+---------+---------+-------
        D:1 |      30 |       0 |   0.0 |      16 |       0 |   0.0
        D:2 |     119 |     250 |  67.8 |      18 |       4 |  18.2
        D:3 |      98 |       0 |   0.0 |       9 |       0 |   0.0
        D:4 |     292 |      40 |  12.0 |      21 |       2 |   8.7
        D:5 |     379 |       0 |   0.0 |       6 |       0 |   0.0
            +---------+---------+-------+---------+---------+-------
